AoeStats
← danimaocortes

Arabia

509819313Analyzed
1v1 RM · 5d ago on Sep 28, 2026· 22m 44s· 2 players
Game mode
Random Map
Map size
Tiny (2 player)
Population
200
Speed
Normal
Resources
Standard
Victory
Conquest
Starting age
Dark Age
Ending age
Imperial Age
RankedLock teamsTeams togetherTeam positionsShared explorationLock speedFull tech treeHidden civsTurbo modeCheats
Victory
Defeat
🇨🇴 Mongols · Colombia
749
+16
🇮🇳 Franks · India
749
-16
danimaocortes
6:52 Loom
9:29 Feudal Age
13:44 Double-Bit Axe
17:42 Horse Collar
18:30 Gold Mining
20:55 Padded Archer Armor
"Nina"
13:07 Feudal Age
13:45 Double-Bit Axe
17:58 Man-at-Arms
Connection lost

Rejoining the realm…

Still unreachable

The connection could not be restored.

Session expired

The server has moved on; the page needs a fresh start.